 Dungeon Crawl Stone Soup version 0.29.0-4-gdea44cf6ec (webtiles) character file.

Game seed: 14832480874829546595

10 qw the Firebug (level 2, -4/23 HPs)
             Began as a Ghoul Fire Elementalist on Aug 29, 2022.
             Slain by a worm (8 damage)
             ... on level 2 of the Dungeon.
             The game lasted 00:00:24 (447 turns).

qw the Firebug (Ghoul Fire Elementalist)             Turns: 447, Time: 00:00:25

Health: -4/23      AC:  2    Str: 11    XL:     2   Next: 20%
Magic:  3/3        EV: 12    Int: 10    God:
Gold:   32         SH:  0    Dex:  9    Spells: 3/4 levels left

rFire   . . .      SeeInvis .     - Unarmed
rCold   + . .      Faith    .   (no shield)
rNeg    + + +      Spirit   .   a - +0 robe
rPois   inf        Reflect  .   (no helmet)
rElec   .          Harm     .   (no cloak)
rCorr   .          Rampage  .   (no gloves)
Will    .....                   (no boots)
Stlth   ++........              (no amulet)
HPRegen 0.00/turn               (no ring)
MPRegen 0.08/turn               (no ring)

@: inhibited regen
A: claws 1, cold resistance 1, negative energy resistance 3, inhibited
regeneration, torment resistance 2, devour on kill
a: no special abilities


You were on level 2 of the Dungeon.
You visited 1 branch of the dungeon, and saw 2 of its levels.

You collected 32 gold pieces.


Innate Abilities, Weirdness & Mutations

You are immune to poison.
You have sharp fingernails.
Your flesh is cold resistant. (rC+)
You are immune to negative energy. (rN+++)
You do not regenerate when monsters are visible.
You are immune to unholy pain and torment.
You thrive by killing the living.


   Skills:
 - Level 1.3 Fighting
 - Level 1.7 Dodging
 - Level 2.1 Stealth
 + Level 1.2 Unarmed Combat
 - Level 1.7 Spellcasting
 - Level 0.7 Conjurations
 - Level 2.4 Fire Magic


You had 3 spell levels left.
You knew the following spells:

 Your Spells              Type           Power      Damage    Failure   Level
a - Foxfire               Conj/Fire      16%        2x1d4     17%         1

Your spell library contained the following spells:

 Spells                   Type           Power      Damage    Failure   Level
 Scorch                   Fire           10%        2d6       19%         2
 Conjure Flame            Conj/Fire      4%         6-21      45%         3
 Inner Flame              Hex/Fire       3%         N/A       52%         3
 Flame Wave               Conj/Fire      4%         2d5       86%         4

Inventory:

Armour
 a - a +0 robe (worn)
 g - a +0 chain mail
Scrolls
 e - a scroll of brand weapon {unknown}
 f - a scroll of summoning {unknown}
 h - a scroll of identify {unknown}
Potions
 b - a potion of magic
 c - 3 potions of heal wounds {unknown}
 d - a potion of mutation {unknown}
 i - 2 potions of attraction {unknown}

Dungeon Overview and Level Annotations

Branches:
Dungeon (1/15)

Altars:


Message History

432 ||| Stepping ~*~*~tactically~*~*~ (stealth).
You scratch the worm.
The worm is moderately wounded.
The worm bites you!
You scratch the worm but do no damage.
The worm is moderately wounded.
435 ||| Stepping ~*~*~tactically~*~*~ (outnumbered).
The goblin attacks as you move away! The goblin hits you with a +0 club.
You completely miss the goblin. The goblin hits you with a +0 club.
You barely miss the goblin. The goblin closely misses you.
You scratch the goblin.
The goblin is moderately wounded.
The goblin hits you with a +0 club.
You scratch the goblin.
The goblin is severely wounded.
The goblin hits you but does no damage.
You scratch the goblin.
You kill the goblin!
You feel better.
You scratch the worm.
The worm is lightly wounded.
You scratch the worm.
The worm is moderately wounded.
The worm closely misses you.
You scratch the worm.
The worm is heavily wounded.
You scratch the worm but do no damage.
The worm is heavily wounded.
The worm barely misses you.
You barely miss the worm.
The worm is heavily wounded.
The worm bites you.
You scratch the worm.
The worm is heavily wounded.
You scratch the worm.
The worm is severely wounded.
The worm bites you!
You die...

#.##### #.....#####
#. ####...## #.
##...# ## ###># #..
#.# #... #.#
#..###### #.#
#......# #.# #@..#
#.# B ##w.#######.#
#}.}##..%........#
#B.}.....#.########
##.#[#.#.#.# #
#.#.#.# ..#.#.#
...#.#.# ....#.#.#


You could see a worm.

Vanquished Creatures
  A dart slug (D:2)
  An endoplasm (D:1)
  3 goblins
  2 ball pythons (D:1)
7 creatures vanquished.

Notes
Turn   | Place    | Note
-------+----------+-------------------------------------------
     0 | D:1      | qw the Ghoul Fire Elementalist began the quest for the Orb.
     0 | D:1      | Reached XP level 1. HP: 14/14 MP: 2/2
     0 | D:1      | 0 ||| qw: Version: 0.1-a-90-g952f4b7
     0 | D:1      | 0 ||| qw: Game counter: 3789
     0 | D:1      | 0 ||| qw: Always use a shield: true
     0 | D:1      | 0 ||| qw: God list: Okawaru
     0 | D:1      | 0 ||| qw: Allow faded altars: false
     0 | D:1      | 0 ||| qw: Do Orc after D:15 true
     0 | D:1      | 0 ||| qw: Do second Lair branch before Depths: true
     0 | D:1      | 0 ||| qw: Lair rune preference: random
     0 | D:1      | 0 ||| qw: Plans: Normal
     0 | D:1      | 0 ||| PLANNING D:1-11
   148 | D:1      | Reached skill level 1 in Unarmed Combat
   198 | D:1      | You fall into a shaft and drop 1 floor!
   238 | D:2      | Found a faded altar of an unknown god.
   358 | D:2      | 358 ||| Stepping ~*~*~tactically~*~*~ (hiding).
   367 | D:2      | Reached skill level 1 in Fighting
   367 | D:2      | Reached XP level 2. HP: 19/23 MP: 3/3
   430 | D:2      | 430 ||| Stepping ~*~*~tactically~*~*~ (stealth).
   432 | D:2      | 432 ||| Stepping ~*~*~tactically~*~*~ (stealth).
   435 | D:2      | 435 ||| Stepping ~*~*~tactically~*~*~ (outnumbered).
   445 | D:2      | HP: 4/23 [worm (6)]
   447 | D:2      | Slain by a worm

Levels and vault maps discovered:
D:1:      nicolae_arrival_washed_ashore, layout_rooms, dk_noncrumbling_4
D:2:      layout_basic, shapermc_ecumenical_altar_rom_forum, minmay_hexomino_u4

Skill      XL: |  1 |
---------------+----+-----
Unarmed Combat | 1 |  1.2
Fighting       | 1 |  1.3
Dodging        | |  1.7
Stealth        | |  2.1
Spellcasting   | |  1.7
Conjurations   | |  0.7
Fire Magic     | |  2.4

Action                   || total
-------------------------++-------
Melee: Unarmed           ||    35
Armor: Robe              ||     4
Dodge: Dodged            ||     7

Table legend:
 A = Non-vault XP
 B = Vault XP
 C = Vault XP percentage of total XP
 D = Non-vault monster count
 E = Vault monster count
 F = Vault count percentage of total count
                 A         B        C        D         E       F
            +---------+---------+-------+---------+---------+-------
      Total |       9 |       6 |  40.0 |       5 |       2 |  28.6
            +---------+---------+-------+---------+---------+-------
        D:1 |       7 |       0 |   0.0 |       4 |       0 |   0.0
        D:2 |       2 |       6 |  75.0 |       1 |       2 |  66.7
            +---------+---------+-------+---------+---------+-------
